 Dungeon Crawl Stone Soup version 0.21.1-1-g345015fe64 (webtiles) character file.

37 Ivernyr the Charmwright (level 3, -4/28 HPs)
             Began as a Demonspawn Skald on Apr 29, 2018.
             Slain by a worm (10 damage)
             ... on level 3 of the Dungeon.
             The game lasted 00:04:28 (2247 turns).

Ivernyr the Charmwright (Demonspawn Skald)          Turns: 2247, Time: 00:04:28

Health: -4/28      AC:  4    Str: 11    XL:     3   Next: 21%
Magic:  4/6        EV: 11    Int: 14    God:
Gold:   140        SH:  0    Dex: 13    Spells: 1/6 levels left

rFire    . . .     SeeInvis .   a - +0 falchion
rCold    . . .     Gourm    .   (no shield)
rNeg     . . .     Faith    .   b - +0 leather armour
rPois    .         Spirit   .   m - +0 helmet
rElec    .         Reflect  .   (no cloak)
rCorr    .         Harm     .   (no gloves)
MR       .....                  (no boots)
Stlth    +.........             k - amulet of rage
HPRegen  0.09/turn              (no ring)
MPRegen  0.10/turn              (no ring)

@: shrouded, very slightly contaminated, drained
A: powered by pain 1
a: Evoke Berserk Rage


You were on level 3 of the Dungeon.
You were near starving.

You visited 1 branch of the dungeon, and saw 3 of its levels.

You collected 140 gold pieces.

Inventory:

Hand Weapons
 a - a +0 falchion (weapon)
Armour
 b - a +0 leather armour (worn)
 m - a +0 helmet (worn)
Jewellery
 k - an amulet of rage (around neck)
Scrolls
 e - a scroll of enchant weapon {unknown}
 f - 4 scrolls of identify {unknown}
 h - a scroll of enchant armour {unknown}
 i - a scroll of blinking {unknown}
 j - a scroll of fear {unknown}
 l - a scroll of teleportation {unknown}
Potions
 g - 2 potions of curing {unknown}
Books
 c - a book of Battle

   Spells                             Type                      Level
   a - Infusion                       Charms                       1
   b - Shroud of Golubria             Charms/Translocation         2
   c - Song of Slaying                Charms                       2
   d - Spectral Weapon                Hexes/Charms                 3
   e - Regeneration                   Charms/Necromancy            3
Comestibles
 d - 6 rations


   Skills:
 + Level 2.4(1.7) Fighting
 + Level 2.1(1.5) Long Blades
 * Level 1.9(1.3) Armour
 - Level 1.7(1.1) Dodging
 - Level 2.0(1.3) Spellcasting
 + Level 3.0(2.3) Charms


You had one spell level left.
You knew the following spells:

 Your Spells              Type           Power        Failure   Level  Hunger
a - Shroud of Golubria    Chrm/Tloc      #.........   30%         2    ###....
b - Song of Slaying       Chrm           #.......     19%         2    ###....
c - Infusion              Chrm           #...         13%         1    ##.....


Dungeon Overview and Level Annotations

Branches:
Dungeon (3/15)

Altars:


Innate Abilities, Weirdness & Mutations

You sometimes gain a little power by taking damage.


Message History

The worm is moderately wounded.
The worm misses you.
You slash the worm!
The worm is heavily wounded.
The worm bites you!
* * * LOW HITPOINT WARNING * * *
You focus on the pain.
You feel your power returning.
You hit the worm.
The worm is severely wounded.
The worm barely misses you.
Casting: Shroud of Golubria
Confirm with . or Enter, or press ? or * to list all spells.
Space distorts slightly along a thin shroud covering your body.
You barely miss the worm.
The worm is severely wounded.
Your shroud bends the worm's attack away.
You barely miss the worm.
The worm is severely wounded.
The worm bites you!
You die...

. ...
######....
#####.........
#@.(...†......
#w###.####....
#.# #.# # #.#
#.# ..# #..
..# #.. ....
...# .... ...#


You could see a worm.

Vanquished Creatures
  A dart slug (D:1)
  7 bats
  4 goblins
  6 hobgoblins
  A quokka (D:2)
  3 ball pythons (D:2)
  6 kobolds
  7 rats
35 creatures vanquished.

Notes
Turn   | Place    | Note
-------+----------+-------------------------------------------
     0 | D:1      | Ivernyr the Demonspawn Skald began the quest for the Orb.
     0 | D:1      | Reached XP level 1. HP: 16/16 MP: 3/3
    53 | D:1      | Reached skill level 1 in Armour
   311 | D:1      | Gained mutation: You sometimes gain a little power by taking damage. [demonic ancestry]
   311 | D:1      | Reached XP level 2. HP: 17/22 MP: 5/5
   772 | D:1      | Learned a level 2 spell: Song of Slaying
   775 | D:1      | Learned a level 2 spell: Shroud of Golubria
  1658 | D:2      | Reached XP level 3. HP: 28/28 MP: 6/6
  2042 | D:3      | Reached skill level 3 in Charms
  2247 | D:3      | Slain by a worm

Skill      XL: |  1  2  3 |
---------------+----------+-----
Armour         | 1 |  1.9
Long Blades    | 2 |  2.1
Charms         | 3 |  3.0
Fighting       | |  2.4
Dodging        | |  1.7
Spellcasting   | |  2.0

Action                   || total
-------------------------++-------
Melee: Falchion          ||   110
 Cast: Shroud of Golubri ||     4
 Stab: Sleeping          ||     1
  Eat: Chunk             ||     3
Armor: Leather armour    ||    35
Dodge: Dodged            ||    94
       Rpst.: Falchion   ||    35
